 Dungeon Crawl Stone Soup version 0.29-b1-12-g9e2288ab2a (webtiles) character file.

Game seed: 17029279086402141365

4994 LynnLen the Jinx (level 10, -3/64 HPs)
             Began as a Vampire Enchanter on Aug 24, 2022.
             Was a Priest of Nemelex Xobeh.
             Slain by a six-headed hydra (6 damage)
             ... on level 10 of the Dungeon.
             The game lasted 00:34:34 (11243 turns).

LynnLen the Jinx (Vampire Enchanter)               Turns: 11243, Time: 00:34:34

Health: -3/64      AC: 12    Str:  7    XL:     10   Next: 29%
Magic:  27/27      EV: 12    Int: 23    God:    Nemelex Xobeh [***...]
Gold:   437        SH:  0    Dex: 14    Spells: 7/20 levels left

rFire   . . .      SeeInvis +   B - +4 dagger
rCold   + + .      Faith    .   (no shield)
rNeg    + + +      Spirit   .   C - +0 steam dragon scales
rPois   ∞          Reflect  .   h - +1 helmet
rElec   .          Harm     .   q - +0 cloak
rCorr   .          Rampage  .   (no gloves)
Will    +....                   (no boots)
Stlth   ++++++....              (no amulet)
HPRegen 0.00/turn               c - ring of magical power
MPRegen 0.20/turn               y - +4 ring of protection

@: bloodless, inhibited regen, hasted, very quick
A: bloodless, fangs 3, see invisible, vampiric 2
a: Bat Form, Revivify, Renounce Religion, Draw Escape, Draw Destruction, Draw
Summoning, Triple Draw


You were on level 10 of the Dungeon.
You worshipped Nemelex Xobeh.
Nemelex Xobeh was most pleased with you.
You visited 2 branches of the dungeon, and saw 11 of its levels.

You collected 437 gold pieces.

Inventory:

Hand Weapons
 a - a +3 dagger
 n - a +0 sling
 A - a +3 dagger
 B - a +4 dagger (weapon)
Missiles
 e - 3 throwing nets
 m - 109 stones
 v - 16 poisoned darts
Armour
 h - a +1 helmet (worn)
 q - a +0 cloak (worn)
 C - +0 steam dragon scales (worn)
Jewellery
 c - a ring of magical power (left hand)
 u - a ring of protection from cold
 y - a +4 ring of protection (right hand)
 E - a +4 ring of evasion
Wands
 d - a wand of polymorph (8)
 z - a wand of flame (25)
 D - a wand of light (3)
Scrolls
 b - a scroll of immolation
 i - 2 scrolls of poison
 j - 3 scrolls of magic mapping
 l - 5 scrolls of teleportation
 p - 2 scrolls of fear
 s - a scroll of fog
 w - 2 scrolls of identify
Potions
 f - 5 potions of curing
 g - 2 potions of magic
 k - 4 potions of mutation
 o - 4 potions of flight
 r - a potion of haste
 t - 2 potions of brilliance


   Skills:
 + Level 7.7 Fighting
 - Level 1.1 Short Blades
 - Level 2.1 Dodging
 + Level 9.9 Stealth
 + Level 5.5 Spellcasting
 - Level 3.1 Conjurations
 + Level 12.7 Hexes
 - Level 2.0 Ice Magic


You had 7 spell levels left.
You knew the following spells:

 Your Spells              Type           Power      Damage    Failure   Level
a - Ensorcelled Hibernat  Hex/Ice        80%        N/A       1%          2
b - Confusing Touch       Hex            59%        N/A       1%          3
c - Tukima's Dance        Hex            59%        N/A       1%          3
d - Dazzling Flash        Conj/Hex       84%        N/A       1%          3
e - Poisonous Vapours     Pois/Air       12%        N/A       14%         2

Your spell library contained the following spells:

 Spells                   Type           Power      Damage    Failure   Level
 Static Discharge         Conj/Air       13%        3-5/arc   7%          2
 Beastly Appendage        Tmut           12%        N/A       9%          1
 Wereblood                Tmut           6%         N/A       14%         2
 Gell's Gravitas          Tloc           6%         N/A       26%         3
 Spider Form              Tmut/Pois      6%         N/A       26%         3
 Teleport Other           Tloc           6%         N/A       26%         3
 Sticky Flame             Conj/Fire      13%        2d4       43%         4
 Corpse Rot               Necr/Pois/Air  6%         N/A       65%         4
 Dispel Undead            Necr           6%         3d8       65%         4
 Dispersal                Tloc           3%         N/A       100%        6


Dungeon Overview and Level Annotations

Branches:
Dungeon (10/15)            Temple (1/1) D:6
   Lair: D:8-11         Orc: D:9-12

Altars:
Ashenzari
Cheibriados
Dithmenos
Fedhas
Gozag
Kikubaaqudgha
Makhleb
Nemelex Xobeh
Okawaru
Qazlal
Ru
Sif Muna
Trog
Uskayaw
Vehumet
Xom
Yredelemnul

Shops:
D:4 =

Annotations:
D:3 1 transporter, bakla's ghost, amateur OpCj
D:4 2 runed translucent doors, Zeldest's ghost, amateur OpTm
D:6 1 runed translucent door, nroviw's ghost, novice GnHu
D:7 1 runed translucent door, Renzlar's ghost, novice GnFi


Innate Abilities, Weirdness & Mutations

You do not regenerate when monsters are visible.
You are frail without blood (-20% HP).
You can heal yourself when you bite living creatures.
You are immune to poison.
You have razor-sharp teeth.
You have supernaturally acute eyesight. (SInv)
You are afflicted with vampirism and can become a bat while bloodless.


Message History

The six-headed hydra bites you but does no damage.
You hit the six-headed hydra.
The six-headed hydra is severely wounded.
The six-headed hydra closely misses you. x2
The six-headed hydra bites you. The six-headed hydra misses you.
The six-headed hydra bites you! x2
You hit the six-headed hydra.
The six-headed hydra is severely wounded.
You hit the six-headed hydra. You bite the six-headed hydra.
You draw the six-headed hydra's blood!
You feel better.
The six-headed hydra is almost dead.
The six-headed hydra bites you but does no damage. x2
The six-headed hydra closely misses you.
The six-headed hydra bites you but does no damage.
The six-headed hydra barely misses you. The six-headed hydra bites you!
You hit the six-headed hydra but do no damage.
The six-headed hydra is severely wounded.
The six-headed hydra bites you.
* * * LOW HITPOINT WARNING * * *
The six-headed hydra bites you!
* * * LOW HITPOINT WARNING * * *
The six-headed hydra closely misses you.
The six-headed hydra bites you.
* * * LOW HITPOINT WARNING * * *
The six-headed hydra bites you!
* * * LOW HITPOINT WARNING * * *
The six-headed hydra barely misses you.
You feel better.
Unknown command.
As you read the scroll of summoning, it crumbles to dust.
Wisps of shadow whirl around you...
The six-headed hydra closely misses you.
The six-headed hydra barely misses you.
The six-headed hydra bites you but does no damage.
The six-headed hydra closely misses you.
The six-headed hydra bites you.
* * * LOW HITPOINT WARNING * * *
The six-headed hydra bites you.
You die...
Your body glows slightly and disappears.

..# #.# ...
......######### ....
................ .....
..........oo.... ......
................ ....
............... ...
.....oo.o...... #
#.O..D..y... #
#...@O.y.... #
#...........
#############....y......
...................[....
..................y.....
###########.............
#.............
#.............
.............


You could see a six-headed hydra (ally target), 2 friendly two-headed ogres, 4
friendly killer bees, 2 friendly orc priests and 3 friendly orc wizards.

Vanquished Creatures
  Pikel (D:6)
  Sigmund (D:3)
  5 yaks
  2 steam dragons
  A wraith (D:9)
  A water moccasin (D:9)
  An ice beast (D:7)
  3 orc warriors
  3 centaurs
  2 phantoms (D:5)
  2 lemures (D:6)
  2 kobold brigands
  Blork the orc (D:5)
  3 bullfrogs
  3 necrophages (D:4)
  3 wights
  3 killer bees (D:9)
  4 orc priests
  Crazy Yiuf (D:2)
  4 hounds
  3 jellies (D:6)
  5 iguanas
  4 orc wizards
  7 adders
  5 gnolls
  A white imp (D:6)
  A worm (D:2)
  7 orcs
  10 endoplasms
  A giant cockroach (D:1)
  7 goblins
  6 hobgoblins
  7 jackals
  2 quokkas
  8 ball pythons
  A bat (D:2)
  3 frilled lizards (D:2)
  11 kobolds
  6 rats
141 creatures vanquished.

Vanquished Creatures (collateral kills)
  4 centaurs
  7 wights
  An orc priest (D:8)
  5 gnolls
  A kobold (D:8)
18 creatures vanquished.

Vanquished Creatures (others)
  3 dancing weapons
  A fungus (D:2)
4 creatures vanquished.

Grand Total: 163 creatures vanquished

Notes
Turn   | Place    | Note
-------+----------+-------------------------------------------
     0 | D:1      | LynnLen the Vampire Enchanter began the quest for the Orb.
     0 | D:1      | Reached XP level 1. HP: 13/13 MP: 3/3
   272 | D:1      | Reached skill level 1 in Fighting
   272 | D:1      | Reached XP level 2. HP: 10/21 MP: 5/5
   336 | D:1      | Learned a level 2 spell: Ensorcelled Hibernation
   353 | D:1      | Reached skill level 5 in Hexes
  1001 | D:2      | Gained mutation: You are afflicted with vampirism and can
                  | become a bat while bloodless. [Vampire growth]
  1001 | D:2      | Reached XP level 3. HP: 12/21 MP: 2/6
  1542 | D:2      | You fall into a shaft and drop 1 floor!
  1580 | D:3      | Found an opulent altar of Gozag.
  1581 | D:3      | Found an opulent altar of Gozag.
  1585 | D:3      | Found an opulent altar of Gozag.
  1602 | D:3      | Found an opulent altar of Gozag.
  1650 | D:3      | Learned a level 3 spell: Confusing Touch
  1825 | D:3      | Reached skill level 6 in Hexes
  1825 | D:3      | Reached XP level 4. HP: 26/26 MP: 7/7
  1854 | D:3      | Noticed Sigmund
  1880 | D:3      | Killed Sigmund
  1881 | D:3      | Reached skill level 7 in Hexes
  1881 | D:3      | Reached XP level 5. HP: 32/32 MP: 5/8
  1966 | D:3      | Noticed an ogre
  1967 | D:3      | Noticed bakla's ghost (amateur OpCj)
  1968 | D:3      | Found a transporter.
  2082 | D:2      | Found a runed translucent door.
  2083 | D:2      | Noticed Crazy Yiuf
  2090 | D:2      | Killed Crazy Yiuf
  2091 | D:2      | Reached XP level 6. HP: 38/38 MP: 9/9
  2652 | D:3      | Learned a level 3 spell: Tukima's Dance
  3254 | D:4      | Found a hide-covered altar of Uskayaw.
  3385 | D:4      | Reached skill level 8 in Hexes
  3555 | D:4      | Found a runed translucent door.
  3557 | D:4      | Noticed Zeldest's ghost (amateur OpTm)
  3594 | D:4      | Found a runed translucent door.
  3661 | D:4      | Reached XP level 7. HP: 31/44 MP: 10/10
  3804 | D:4      | Found Zitux's Jewellery Shop.
  3846 | D:4      | Reached skill level 9 in Hexes
  4102 | D:5      | Entered Level 5 of the Dungeon
  4224 | D:5      | Reached skill level 5 in Fighting
  4433 | D:5      | Noticed Blork the orc
  4454 | D:5      | Killed Blork the orc
  4512 | D:5      | Reached skill level 10 in Hexes
  5130 | D:6      | Reached skill level 5 in Stealth
  5130 | D:6      | Reached XP level 8. HP: 51/51 MP: 11/11
  5134 | D:6      | Learned a level 3 spell: Dazzling Flash
  5157 | D:6      | Found a runed translucent door.
  5157 | D:6      | Found a shimmering altar of Xom.
  5157 | D:6      | Noticed a +2 short sword of chaos
  5157 | D:6      | Noticed nroviw's ghost (novice GnHu)
  5203 | D:6      | Found a staircase to the Ecumenical Temple.
  5220 | Temple   | Entered the Ecumenical Temple
  5359 | Temple   | Became a worshipper of Nemelex Xobeh the Trickster
  5607 | D:6      | Reached skill level 1 in Conjurations
  6068 | D:6      | Noticed Pikel
  6410 | D:6      | Killed Pikel
  6411 | D:6      | Reached skill level 11 in Hexes
  6411 | D:6      | Reached skill level 1 in Ice Magic
  6431 | D:6      | Reached XP level 9. HP: 37/56 MP: 14/14
  7289 | D:7      | Reached * piety under Nemelex Xobeh
  7501 | D:7      | Found a shimmering blue altar of Sif Muna.
  7531 | D:7      | Received a gift from Nemelex Xobeh
  7564 | D:7      | Found a runed translucent door.
  7565 | D:7      | Noticed Renzlar's ghost (novice GnFi)
  8587 | D:8      | Learned a level 2 spell: Poisonous Vapours
  9095 | D:8      | Reached skill level 12 in Hexes
  9282 | D:9      | Received a gift from Nemelex Xobeh
  9440 | D:9      | Reached ** piety under Nemelex Xobeh
  9833 | D:9      | Reached skill level 5 in Spellcasting
  9833 | D:9      | Reached XP level 10. HP: 29/63 MP: 13/17
 10192 | D:9      | Received a gift from Nemelex Xobeh
 10703 | D:10     | Entered Level 10 of the Dungeon
 11173 | D:10     | Reached *** piety under Nemelex Xobeh
 11228 | D:10     | Noticed a six-headed hydra
 11241 | D:10     | HP: 1/64 [six-headed hydra (8)]
 11243 | D:10     | Slain by a six-headed hydra

Illustrated notes

Levels and vault maps discovered:
D:1:      amcnicky_arrival_blooded_trapdoor, layout_rooms
D:2:      kennysheep_big_flooded_room, layout_rooms, minivault_24,
          uniq_crazy_yiuf_cottage
D:3:      layout_basic, nicolae_gozag_conspicuous_consumption,
          gammafunk_ghost_smash, st_stairs_9, uniq_sigmund
D:4:      layout_loops_ring, eat_drink_and_be_merry_uskayaw,
          ebering_ghost_sewer_f, serial_shops, shop
D:5:      layout_basic, ebering_dispersal_statue_hall, minmay_misc_feat_alley,
          kennysheep_generic_room_15, uniq_blork_the_orc
D:6:      layout_cave_pods, minmay_temple_entry_mist, ebering_ghost_xom,
          uniq_pikel
D:7:      layout_cave_pools, overflow_temple_1_default, lemuel_doored_altar,
          ebering_ghost_reflecting_pool
D:8:      layout_loops_ring
D:9:      layout_grid_maze
D:10:     layout_long_grid, elyvilon_altar_4,
          mainiacjoe_overflow_small_starburst
Temple:   eino_temple_scatter_basement

Skill      XL: |  1  2  3  4  5  6  7  8  9 |
---------------+----------------------------+-----
Fighting       | 1 2 3 4 5 6 7 |  7.7
Hexes          | 5 6 7 8 10 11 12 | 12.7
Stealth        | 5 6 9 |  9.9
Conjurations   | 2 3 |  3.1
Spellcasting   | 3 5 |  5.5
Ice Magic      | 1 2 |  2.0
Short Blades   | |  1.1
Dodging        | |  2.1

Action                   |  1- 3 |  4- 6 |  7- 9 | 10-12 || total
-------------------------+-------+-------+-------+-------++-------
Melee: Dagger            |    76 |   125 |   380 |    44 ||   625
       Bite              |     5 |    16 |    58 |     7 ||    86
       Punch             |     1 |     2 |     4 |       ||     7
 Cast: Ensorcelled Hiber |    10 |     7 |    18 |     5 ||    40
       Tukima's Dance    |       |     4 |    23 |     3 ||    30
       Confusing Touch   |       |     3 |     5 |     1 ||     9
       Poisonous Vapours |       |       |     9 |       ||     9
       Dazzling Flash    |       |       |     3 |       ||     3
 Abil: Exsanguinate      |     1 |       |       |       ||     1
  Use: Scroll            |     9 |     3 |    12 |     2 ||    26
       Potion            |     4 |     4 |       |     2 ||    10
 Stab: Sleeping          |    15 |    14 |    29 |     9 ||    67
       Distracted        |     1 |       |       |       ||     1
       Invisible         |       |     1 |     2 |       ||     3
       Confused          |       |     2 |     8 |       ||    10
Armor: Robe              |    10 |    31 |   145 |       ||   186
       Steam dragon scal |       |       |     9 |    17 ||    26
Dodge: Dodged            |    40 |    65 |   260 |    29 ||   394
